 Dungeon Crawl Stone Soup version 0.24-a0-446-g87df7205b4 (webtiles) character file.

Game seed: 10609643350553658368

45 vurker the Chopper (level 3, 0/28 HPs)
             Began as a Demonspawn Gladiator on June 23, 2019.
             Succumbed to a worker ant's poison
             ... on level 2 of the Dungeon.
             The game lasted 00:01:05 (1606 turns).

vurker the Chopper (Demonspawn Gladiator)           Turns: 1606, Time: 00:01:06

Health: 0/28       AC:  4    Str: 15    XL:     3   Next: 42%
Magic:  12/12      EV: 12    Int:  9    God:
Gold:   31         SH:  0    Dex: 14    Spells: 2/2 levels left

rFire    . . .     SeeInvis .   a - +0 war axe
rCold    . . .     Gourm    .   (no shield)
rNeg     . . .     Faith    .   b - +0 leather armour
rPois    .         Spirit   .   c - +0 helmet
rElec    .         Reflect  .   (no cloak)
rCorr    .         Harm     .   (no gloves)
MR       .....                  (no boots)
Stlth    +.........             (no amulet)
HPRegen  0.09/turn              h - ring of magical power
MPRegen  0.13/turn              (no ring)

@: lethally poisoned (0 -> -18)
A: hooves 1, demonic guardian 1
a: no special abilities


You were on level 2 of the Dungeon.
You were not hungry.

You visited 1 branch of the dungeon, and saw 2 of its levels.

You collected 31 gold pieces.

Inventory:

Hand Weapons
 a - a +0 war axe (weapon)
Missiles
 d - 3 throwing nets (quivered) {!f}
Armour
 b - a +0 leather armour (worn)
 c - a +0 helmet (worn)
Jewellery
 h - a ring of magical power (left hand)
   (You found it on level 1 of the Dungeon)
Scrolls
 f - a scroll of enchant weapon {unknown}
 g - a scroll of teleportation {unknown}
 j - a scroll of blinking {unknown}
Comestibles
 e - a ration {!d}
 i - 4 chunks of flesh


   Skills:
 + Level 2.7 Fighting
 * Level 3.7 Axes
 - Level 1.7 Throwing
 - Level 2.6 Dodging


You had 2 spell levels left.
You didn't know any spells.
Your spell library was empty.

Dungeon Overview and Level Annotations

Branches:
Dungeon (2/15)

Altars:


Innate Abilities, Weirdness & Mutations

You have large cloven feet.
A weak demonic guardian rushes to your aid.


Message History

The hobgoblin shouts!
You hear a shout! x2
A kobold comes into view.
A goblin comes into view. It is wielding a +0 dagger.
The kobold throws a stone.
The stone hits you but does no damage.
A worker ant comes into view.
The worker ant twitches its antennae in your direction.
The kobold throws a stone.
The stone hits you.
Found a stone staircase leading down.
Your leather armour prevents you from hitting the hobgoblin.
The hobgoblin hits you with a +0 club.
The hobgoblin hits you but does no damage.
You closely miss the kobold. You barely miss the hobgoblin.
You barely miss the goblin.
Your white imp closely misses the hobgoblin.
The goblin hits you with a +0 dagger. The kobold hits you but does no damage.
The hobgoblin hits you with a +0 club.
You slash the kobold!
You kill the kobold!
You closely miss the goblin. You hit the hobgoblin.
Your white imp gestures at the hobgoblin.
The puff of frost hits the hobgoblin!
The hobgoblin dies!
The goblin misses you. The worker ant closely misses you.
Your white imp gestures at the goblin.
The puff of frost hits the goblin!
The goblin dies!
You barely miss the worker ant. You kick the worker ant.
The worker ant bites you.
* * * LOW HITPOINT WARNING * * *
The worker ant bites you.
* * * LOW HITPOINT WARNING * * *
You are lethally poisoned!
The worker ant poisons you!
You aren't carrying any potions.
You aren't carrying any potions.
You hit the worker ant.
* * * LOW HITPOINT WARNING * * *
You feel sick. The worker ant misses you.
Your white imp gestures at the worker ant.
The puff of frost misses the worker ant.
You hit the worker ant but do no damage.
The worker ant bites you!
* * * LOW HITPOINT WARNING * * *
You are more poisoned.
The worker ant poisons you!
Your white imp gestures at the worker ant.
The puff of frost hits the worker ant.
The worker ant barely misses your white imp.
You barely miss the worker ant. You kick the worker ant.
You die...

.......####..##.####
.......####.....#
.....#......#####
...#.......##
.........#........ #
...#..##.#########
.#
.....###........##
..#>. ....##
########..#......
.....## #..5@)....#
.##...# #.##a)..(...
.#..#.# ...
...#..... ........
... ..... ....
......##..........#.
#.. #####.#
............# . #
............#
..........


You could see a worker ant and a friendly white imp.

Vanquished Creatures
  An adder (D:2)
  A worm (D:2)
  A dart slug (D:1)
  A leopard gecko (D:2)
  4 bats
  3 giant cockroaches (D:1)
  4 goblins
  4 hobgoblins
  2 ball pythons
  2 frilled lizards
  3 kobolds
26 creatures vanquished.

Vanquished Creatures (collateral kills)
  A dart slug (D:2)
  A hobgoblin (D:2)
  A goblin (D:2)
3 creatures vanquished.

Grand Total: 29 creatures vanquished

Notes
Turn   | Place    | Note
-------+----------+-------------------------------------------
     0 | D:1      | vurker the Demonspawn Gladiator began the quest for the
                  | Orb.
     0 | D:1      | Reached XP level 1. HP: 16/16 MP: 1/1
   371 | D:1      | Reached skill level 3 in Axes
   372 | D:1      | Gained mutation: A weak demonic guardian rushes to your
                  | aid. [demonic ancestry]
   372 | D:1      | Reached XP level 2. HP: 9/22 MP: 2/2
  1325 | D:2      | Gained mutation: You have large cloven feet. [demonic
                  | ancestry]
  1325 | D:2      | Reached XP level 3. HP: 20/28 MP: 3/3
  1606 | D:2      | Succumbed to a worker ant's poison

Levels and vault maps discovered:
D:1:      minmay_arrival_floating_metal, layout_loops_corners
D:2:      layout_rooms, first_ration, kennysheep_generic_room_2

Skill      XL: |  1 |
---------------+----+-----
Axes           | 3 |  3.7
Fighting       | |  2.7
Throwing       | |  1.7
Dodging        | |  2.6

Action                   || total
-------------------------++-------
Melee: War axe           ||    74
       Kick              ||     7
  Eat: Chunk             ||     2
Armor: Leather armour    ||    33
Dodge: Dodged            ||    57

Table legend:
 A = Non-vault XP
 B = Vault XP
 C = Vault XP percentage of total XP
 D = Non-vault monster count
 E = Vault monster count
 F = Vault count percentage of total count
                 A         B        C        D         E       F
            +---------+---------+-------+---------+---------+-------
      Total |      60 |       5 |   7.7 |      27 |       2 |   6.9
            +---------+---------+-------+---------+---------+-------
        D:1 |      27 |       0 |   0.0 |      15 |       0 |   0.0
        D:2 |      33 |       5 |  13.2 |      12 |       2 |  14.3
            +---------+---------+-------+---------+---------+-------
